General information
- name: BNet
- type: Ladder team game (AT/RT)
- host: Battle.net
- saver: T_Swift_Style
map: MarketSquare
- players: 8
- length: 29:40
- speed: Fast
- version: 1.26 W3XP
- replay type: Public
» download(154 KB)
Players
team 1 (loser)
SwagMasterPimp (
yellow | 35 APM | 981 actions | 28:05)
6 Mountain King
3 Storm Bolt
2 Bash
1 Avatar
» actions
| Assign group hotkey | 75 | |
| Basic commands | 54 | |
| Build / train | 92 | |
| ESC pressed | 1 | |
| Enter build submenu | 32 | |
| Enter hero's abilities submenu | 6 | |
| Give item / drop item | 1 | |
| Right click | 289 | |
| Select / deselect | 256 | |
| Select group hotkey | 95 | |
| Use ability | 80 | |
981 total
» units
| Peasant | 24 | |
| Footman | 8 | |
| Priest | 6 | |
| Knight | 4 | |
| Siege Engine | 3 | |
45 total
» upgrades
| Defend | 1 | |
| Lumber Harvesting | 2 | |
| Swords | 3 | |
| Plating | 3 | |
| Priest Training | 2 | |
| Magic Sentry | 1 | |
| Animal War Training | 1 | |
| Masonry | 3 | |
| Barrage | 1 | |
| Gunpowder | 2 | |
19 total
» buildings
| Altar of Kings | 1 | |
| Barracks | 2 | |
| Farm | 11 | |
| Scout Tower | 9 | |
| Arcane Tower | 1 | |
| Keep | 2 | |
| Arcane Vault | 1 | |
| Blacksmith | 1 | |
| Lumber Mill | 1 | |
| Town Hall | 2 | |
| Castle | 1 | |
| Arcane Sanctum | 1 | |
| Workshop | 3 | |
| Guard Tower | 5 | |
41 total
» build order
00:21 Altar of Kings
00:24 Barracks
00:37 Farm
00:52 Farm
01:38 Farm
02:12 Scout Tower
02:33 Farm
02:41 Arcane Tower
03:41 Keep
03:52 Farm
04:16 Arcane Vault
04:41 Blacksmith
04:51 Lumber Mill
05:15 Farm
06:12 Town Hall
06:56 Castle
07:22 Arcane Sanctum
07:26 Farm
07:42 Barracks
09:48 Farm
10:56 Farm
11:01 Scout Tower
17:02 Workshop
17:03 Workshop
17:38 Scout Tower
17:42 Scout Tower
17:44 Scout Tower
18:12 Guard Tower
18:15 Scout Tower
18:19 Scout Tower
18:21 Scout Tower
18:33 Workshop
18:36 Farm
18:45 Guard Tower
20:49 Farm
20:50 Guard Tower
21:06 Guard Tower
21:08 Scout Tower
22:20 Town Hall
24:16 Keep
24:18 Guard Tower
» items
| Scroll of Regeneration | 1 | |
| Boots of Speed | 1 | |
| Potion of Lesser Invulnerability | 1 | |
| Scroll of Protection | 2 | |
| Scroll of Town Portal | 5 | |
| Potion of Healing | 1 | |
| Orb of Fire | 1 | |
12 total
T_Swift_Style (
red | 42 APM | 1248 actions | 29:40)
5 Blademaster
3 Wind Walk
2 Critical Strike
» actions
| Assign group hotkey | 66 | |
| Basic commands | 103 | |
| Build / train | 50 | |
| Enter build submenu | 52 | |
| Enter hero's abilities submenu | 5 | |
| Give item / drop item | 7 | |
| Remove unit from queue | 1 | |
| Right click | 545 | |
| Select / deselect | 226 | |
| Select group hotkey | 102 | |
| Use ability | 91 | |
1248 total
» units
» upgrades
| Reinforced Defenses | 1 | |
| Ranged Weapons | 3 | |
| Armor | 3 | |
| Pillage | 1 | |
| Troll Regeneration | 1 | |
| Envenomed Spears | 1 | |
10 total
» buildings
| Orc Burrow | 6 | |
| Altar of Storms | 1 | |
| Barracks | 1 | |
| Stronghold | 1 | |
| Voodoo Lounge | 1 | |
| War Mill | 2 | |
| Great Hall | 2 | |
| Watch Tower | 29 | |
| Fortress | 1 | |
| Beastiary | 6 | |
50 total
» build order
00:13 Orc Burrow
01:09 Orc Burrow
01:13 Altar of Storms
01:15 Barracks
02:40 Stronghold
02:52 Voodoo Lounge
03:58 Orc Burrow
04:21 War Mill
05:21 Great Hall
07:38 Watch Tower
07:39 Watch Tower
07:39 Watch Tower
07:40 Watch Tower
08:56 Fortress
10:47 Watch Tower
10:48 Watch Tower
10:48 Watch Tower
10:51 Watch Tower
10:52 Watch Tower
10:53 Watch Tower
11:00 Watch Tower
11:00 Watch Tower
11:02 Watch Tower
11:07 War Mill
11:59 Watch Tower
12:02 Watch Tower
12:04 Watch Tower
12:06 Watch Tower
12:07 Watch Tower
15:31 Beastiary
15:31 Beastiary
15:32 Beastiary
15:34 Beastiary
15:39 Beastiary
15:43 Beastiary
15:53 Orc Burrow
15:56 Orc Burrow
16:01 Orc Burrow
17:12 Watch Tower
17:13 Watch Tower
17:16 Watch Tower
17:17 Watch Tower
17:20 Watch Tower
20:47 Great Hall
21:20 Watch Tower
21:21 Watch Tower
21:23 Watch Tower
21:28 Watch Tower
21:29 Watch Tower
21:32 Watch Tower
» items
| Healing Salve | 1 | |
| Dust of Appearance | 1 | |
| Periapt of Vitality | 4 | |
| Staff of Teleportation | 1 | |
| Scroll of Town Portal | 1 | |
8 total

»
DopeBoyMagic (
teal | 54 APM | 1602 actions | 29:29)
3 Archmage
2 Summon Water Elemental
1 Brilliance Aura
7 Mountain King
3 Storm Bolt
3 Bash
1 Avatar
4 Paladin
2 Holy Light
2 Devotion Aura
» actions
| Assign group hotkey | 22 | |
| Basic commands | 73 | |
| Build / train | 67 | |
| ESC pressed | 1 | |
| Enter build submenu | 32 | |
| Enter hero's abilities submenu | 14 | |
| Remove unit from queue | 2 | |
| Right click | 563 | |
| Select / deselect | 266 | |
| Select group hotkey | 459 | |
| Use ability | 103 | |
1602 total
» units
| Peasant | 8 | |
| Rifleman | 9 | |
| Sorceress | 5 | |
| Priest | 4 | |
| Assassin | 1 | |
27 total
» upgrades
| Gunpowder | 1 | |
| Armor | 2 | |
| Lumber Harvesting | 1 | |
| Long Rifles | 1 | |
| Priest Training | 2 | |
| Magic Sentry | 1 | |
8 total
» buildings
| Altar of Kings | 1 | |
| Farm | 12 | |
| Barracks | 1 | |
| Blacksmith | 1 | |
| Arcane Vault | 1 | |
| Lumber Mill | 1 | |
| Scout Tower | 5 | |
| Arcane Tower | 2 | |
| Guard Tower | 3 | |
| Keep | 1 | |
| Arcane Sanctum | 2 | |
| Castle | 1 | |
| Town Hall | 1 | |
32 total
» build order
00:23 Altar of Kings
00:29 Farm
00:51 Barracks
01:53 Blacksmith
02:01 Farm
02:16 Arcane Vault
02:24 Lumber Mill
02:31 Scout Tower
02:54 Farm
03:02 Arcane Tower
03:30 Scout Tower
04:27 Farm
04:30 Guard Tower
04:50 Keep
05:09 Scout Tower
05:13 Farm
05:52 Guard Tower
06:56 Farm
07:16 Arcane Sanctum
07:28 Scout Tower
08:49 Castle
09:02 Arcane Sanctum
09:18 Farm
09:19 Arcane Tower
10:02 Farm
10:07 Farm
10:57 Farm
11:29 Scout Tower
12:25 Farm
12:32 Guard Tower
16:18 Farm
20:53 Town Hall
» items
| Scroll of Regeneration | 2 | |
| Lesser Clarity Potion | 2 | |
| Scroll of Town Portal | 1 | |
5 total
mariomagno (
blue | 19 APM | 500 actions | 26:04)
3 Mountain King
1 Thunder Clap
2 Storm Bolt
» actions
| Basic commands | 11 | |
| Build / train | 48 | |
| Enter build submenu | 30 | |
| Enter hero's abilities submenu | 3 | |
| Remove unit from queue | 1 | |
| Right click | 140 | |
| Select / deselect | 195 | |
| Use ability | 72 | |
500 total
» units
| Peasant | 13 | |
| Rifleman | 13 | |
| Gryphon Rider | 6 | |
32 total
» upgrades
| Gunpowder | 1 | |
| Lumber Harvesting | 2 | |
3 total
» buildings
| Farm | 15 | |
| Altar of Kings | 1 | |
| Lumber Mill | 2 | |
| Barracks | 2 | |
| Blacksmith | 1 | |
| Scout Tower | 24 | |
| Keep | 2 | |
| Guard Tower | 4 | |
| Gryphon Aviary | 2 | |
| Arcane Sanctum | 1 | |
| Castle | 1 | |
| Town Hall | 2 | |
| Arcane Vault | 1 | |
| Workshop | 1 | |
59 total
» build order
00:27 Farm
00:28 Farm
00:30 Farm
00:33 Farm
01:04 Altar of Kings
01:17 Lumber Mill
02:11 Lumber Mill
02:37 Barracks
02:51 Farm
02:52 Farm
02:54 Farm
02:57 Farm
03:53 Blacksmith
04:08 Scout Tower
04:10 Scout Tower
04:12 Scout Tower
04:24 Scout Tower
04:28 Scout Tower
04:31 Scout Tower
04:32 Scout Tower
04:35 Scout Tower
04:36 Scout Tower
04:38 Scout Tower
04:39 Scout Tower
04:41 Scout Tower
04:54 Barracks
05:50 Farm
05:51 Farm
07:05 Keep
08:22 Farm
08:24 Farm
08:25 Farm
08:26 Farm
09:24 Guard Tower
10:18 Gryphon Aviary
11:02 Farm
12:05 Arcane Sanctum
13:02 Gryphon Aviary
13:19 Castle
13:50 Town Hall
14:43 Arcane Vault
14:52 Guard Tower
16:30 Workshop
20:08 Scout Tower
20:17 Keep
20:23 Scout Tower
20:26 Scout Tower
20:27 Scout Tower
20:32 Scout Tower
20:34 Scout Tower
20:37 Scout Tower
20:42 Scout Tower
20:44 Scout Tower
21:10 Town Hall
21:33 Scout Tower
21:34 Scout Tower
21:35 Scout Tower
22:34 Guard Tower
23:42 Guard Tower
team 2 (winner)
orcward (
orange | 52 APM | 381 actions | 07:20)
3 Blademaster
2 Wind Walk
1 Critical Strike
» actions
| Assign group hotkey | 9 | |
| Basic commands | 4 | |
| Build / train | 22 | |
| Enter build submenu | 12 | |
| Enter hero's abilities submenu | 3 | |
| Right click | 137 | |
| Select / deselect | 58 | |
| Select group hotkey | 113 | |
| Use ability | 23 | |
381 total
» units
» upgrades
» buildings
| Altar of Storms | 1 | |
| Orc Burrow | 4 | |
| War Mill | 1 | |
| Barracks | 1 | |
| Voodoo Lounge | 1 | |
| Watch Tower | 2 | |
| Stronghold | 2 | |
| Beastiary | 2 | |
14 total
» build order
00:14 Altar of Storms
00:18 Orc Burrow
00:53 War Mill
01:30 Barracks
01:46 Orc Burrow
02:00 Voodoo Lounge
02:28 Watch Tower
03:00 Watch Tower
03:56 Stronghold
04:39 Orc Burrow
05:42 Orc Burrow
06:48 Beastiary
06:50 Beastiary
» items

»
Weakest_Peon (
green | 39 APM | 480 actions | 12:26)
3 Death Knight
2 Death Coil
1 Unholy Aura
» actions
| Build / train | 29 | |
| Enter build submenu | 15 | |
| Enter hero's abilities submenu | 3 | |
| Right click | 264 | |
| Select / deselect | 132 | |
| Use ability | 37 | |
480 total
» units
| Acolyte | 7 | |
| Ghoul | 3 | |
| Crypt Fiend | 5 | |
15 total
» upgrades
| Creature Attack | 2 | |
| Creature Carapace | 1 | |
3 total
» buildings
| Crypt | 1 | |
| Graveyard | 1 | |
| Altar of Darkness | 1 | |
| Tomb of Relics | 1 | |
| Ziggurat | 6 | |
| Halls of the Dead | 1 | |
| Sacrificial Pit | 2 | |
| Black Citadel | 1 | |
14 total
» build order
00:26 Crypt
00:40 Graveyard
01:18 Altar of Darkness
01:29 Tomb of Relics
02:07 Ziggurat
02:31 Ziggurat
03:11 Ziggurat
03:30 Ziggurat
05:41 Halls of the Dead
08:33 Sacrificial Pit
08:42 Sacrificial Pit
09:27 Ziggurat
10:58 Black Citadel
11:02 Ziggurat
» items
| Rod of Necromancy | 1 | |
| Dust of Appearance | 1 | |
| Potion of Mana | 1 | |
| Potion of Healing | 2 | |
5 total
JAKElSAF4GG0T (
purple | 98 APM | 2902 actions | 29:40)
5 Mountain King
3 Storm Bolt
2 Bash
» actions
| Assign group hotkey | 142 | |
| Basic commands | 56 | |
| Build / train | 172 | |
| ESC pressed | 2 | |
| Enter build submenu | 68 | |
| Enter hero's abilities submenu | 5 | |
| Give item / drop item | 4 | |
| Right click | 1250 | |
| Select / deselect | 412 | |
| Select group hotkey | 542 | |
| Use ability | 249 | |
2902 total
» units
| Peasant | 16 | |
| Footman | 5 | |
| Mortar Team | 17 | |
| Sorceress | 5 | |
| Peon | 2 | |
45 total
» upgrades
| Swords | 1 | |
| Armor | 3 | |
| Gunpowder | 3 | |
| Masonry | 2 | |
| Sorceress Training | 2 | |
| Lumber Harvesting | 1 | |
| Fragmentation Shards | 1 | |
| Spiked Barricades | 3 | |
| Reinforced Defenses | 2 | |
18 total
» buildings
| Altar of Kings | 1 | |
| Barracks | 1 | |
| Farm | 10 | |
| Arcane Vault | 1 | |
| Lumber Mill | 1 | |
| Blacksmith | 1 | |
| Town Hall | 1 | |
| Scout Tower | 17 | |
| Keep | 1 | |
| Guard Tower | 36 | |
| Castle | 3 | |
| Workshop | 2 | |
| Arcane Sanctum | 1 | |
| Spirit Tower | 8 | |
| Ziggurat | 5 | |
| Watch Tower | 28 | |
| Fortress | 5 | |
122 total
» build order
00:41 Altar of Kings
00:43 Barracks
00:51 Farm
01:06 Farm
01:51 Farm
02:11 Arcane Vault
02:22 Lumber Mill
03:11 Farm
03:32 Blacksmith
04:03 Farm
04:54 Town Hall
04:57 Scout Tower
04:58 Scout Tower
05:00 Scout Tower
05:20 Keep
05:39 Guard Tower
07:43 Castle
07:43 Castle
07:43 Castle
07:47 Workshop
07:53 Workshop
08:23 Guard Tower
08:24 Guard Tower
08:24 Guard Tower
08:24 Guard Tower
08:24 Guard Tower
08:27 Guard Tower
08:28 Guard Tower
08:28 Guard Tower
08:29 Scout Tower
08:34 Scout Tower
08:35 Scout Tower
08:39 Scout Tower
08:54 Scout Tower
08:55 Scout Tower
08:59 Guard Tower
08:59 Guard Tower
08:59 Guard Tower
09:38 Guard Tower
10:47 Arcane Sanctum
11:54 Guard Tower
11:54 Guard Tower
12:31 Guard Tower
12:31 Guard Tower
12:59 Spirit Tower
12:59 Spirit Tower
13:10 Ziggurat
13:11 Ziggurat
13:14 Ziggurat
13:17 Ziggurat
13:18 Ziggurat
14:01 Watch Tower
14:02 Watch Tower
14:05 Watch Tower
14:06 Watch Tower
14:11 Watch Tower
14:12 Watch Tower
14:19 Watch Tower
14:21 Watch Tower
14:35 Spirit Tower
14:35 Spirit Tower
14:58 Guard Tower
14:58 Guard Tower
14:59 Guard Tower
15:12 Watch Tower
15:16 Watch Tower
15:19 Watch Tower
15:28 Guard Tower
15:29 Guard Tower
16:19 Watch Tower
16:21 Watch Tower
16:30 Fortress
16:30 Fortress
16:31 Fortress
16:51 Scout Tower
16:53 Scout Tower
16:55 Scout Tower
16:55 Scout Tower
17:36 Guard Tower
17:37 Guard Tower
17:37 Guard Tower
18:58 Scout Tower
18:58 Scout Tower
18:59 Scout Tower
19:02 Scout Tower
19:36 Guard Tower
19:36 Guard Tower
20:13 Farm
20:15 Farm
20:15 Farm
20:16 Farm
20:57 Watch Tower
20:57 Watch Tower
20:59 Watch Tower
21:04 Watch Tower
21:05 Watch Tower
21:05 Watch Tower
21:07 Watch Tower
22:43 Watch Tower
22:44 Watch Tower
22:45 Watch Tower
23:38 Watch Tower
23:49 Watch Tower
23:50 Watch Tower
23:50 Watch Tower
23:52 Watch Tower
24:58 Farm
» items
| Scroll of Regeneration | 8 | |
| Ivory Tower | 8 | |
| Boots of Speed | 1 | |
| Scroll of Town Portal | 7 | |
| Periapt of Vitality | 2 | |
| Scroll of Protection | 4 | |
| Lesser Clarity Potion | 5 | |
| Potion of Healing | 3 | |
| Staff of Sanctuary | 1 | |
39 total

»
CloudAtlas (
pink | 22 APM | 320 actions | 14:32)
2 Blademaster
1 Critical Strike
1 Wind Walk
» actions
| Build / train | 59 | |
| Enter build submenu | 16 | |
| Enter hero's abilities submenu | 2 | |
| Right click | 103 | |
| Select / deselect | 119 | |
| Use ability | 21 | |
320 total
» units
| Peon | 13 | |
| Grunt | 3 | |
| Troll Headhunter/Berserker | 3 | |
| Raider | 25 | |
44 total
» upgrades
| Pillage | 2 | |
| Armor | 2 | |
| Melee Weapons | 1 | |
| Ranged Weapons | 2 | |
| Spiked Barricades | 1 | |
| Ensnare | 2 | |
10 total
» buildings
| Orc Burrow | 6 | |
| Altar of Storms | 1 | |
| Barracks | 1 | |
| War Mill | 1 | |
| Stronghold | 1 | |
| Voodoo Lounge | 1 | |
| Great Hall | 1 | |
| Beastiary | 4 | |
| Fortress | 1 | |
17 total
» build order
00:31 Orc Burrow
00:43 Altar of Storms
01:30 Barracks
01:46 War Mill
02:07 Orc Burrow
03:38 Orc Burrow
04:42 Orc Burrow
05:23 Stronghold
06:47 Voodoo Lounge
07:05 Great Hall
09:17 Beastiary
09:25 Beastiary
09:34 Beastiary
10:19 Beastiary
10:44 Orc Burrow
11:44 Fortress
12:24 Orc Burrow
Chat log
(00:06 / All) JAKElSAF4GG0T: Nice loadhack green
(00:07 / All) DopeBoyMagic: HOLY FUCK
(00:12 / All) Weakest_Peon: what?
(00:19 / All) Weakest_Peon: i did not
(00:24 / All) T_Swift_Style: don't play ignorant fucking faggot bitch
(00:24 / All) JAKElSAF4GG0T: loadhacker
(00:28 / All) Weakest_Peon: wtf
(00:34 / All) JAKElSAF4GG0T: or is your PC made in 2002
(00:39 / All) JAKElSAF4GG0T: when the game came out
(00:41 / Allies) DopeBoyMagic: is that a real thing?
(00:44 / All) Weakest_Peon: yeah
(00:48 / All) JAKElSAF4GG0T: lol
(00:56 / All) Weakest_Peon: this PC was made a year after
(00:57 / Allies) DopeBoyMagic: ?
(00:59 / Allies) SwagMasterPimp: im melee priest
(01:01 / All) Weakest_Peon: maybe less
(01:03 / All) T_Swift_Style: liar
(01:10 / All) Weakest_Peon: i'm still a skruber
(01:24 / All) Weakest_Peon: i ned to gt gud
(01:38 / All) T_Swift_Style: you need to go back to 4chan
(01:41 / All) T_Swift_Style: and take your hacks with you
(02:02 / All) Weakest_Peon: i didn't know there were 4 jackie chans
(02:12 / All) Weakest_Peon: is that a new update?
(02:24 / Allies) SwagMasterPimp: who hacks
(02:35 / All) JAKElSAF4GG0T: real funny
(02:42 / All) Weakest_Peon: ikr
(03:02 / All) Weakest_Peon: it's like i know what jackie chan is or something
(06:42 / Allies) SwagMasterPimp: yo when you expo with human
(06:49 / Allies) SwagMasterPimp: do you put 2 peasents to build
(06:51 / Allies) SwagMasterPimp: or 3
(07:04 / Allies) SwagMasterPimp: omw to mid
(07:08 / Allies) DopeBoyMagic: same
(07:34 / Allies) mariomagno: please guys some lumber
(07:54 / Allies) DopeBoyMagic: 2 weal grunts
(08:23 / Allies) T_Swift_Style: nj
(08:57 / Allies) DopeBoyMagic: middle now
(10:03 / Allies) T_Swift_Style: teal if that was mask of death would you have kept it
(10:15 / Allies) DopeBoyMagic: stfu no
(10:19 / Allies) DopeBoyMagic: im nota noob
(10:22 / Allies) T_Swift_Style: I bet you woould have lawl
(10:24 / Allies) T_Swift_Style: People get greedy
(10:33 / Allies) DopeBoyMagic: you obv have melee bro
(10:39 / Allies) DopeBoyMagic: cool test me on my knowleedge
(11:17 / All) T_Swift_Style: I got in formation some how
(11:29 / Allies) SwagMasterPimp: come
(11:41 / Allies) SwagMasterPimp: come
(11:43 / Allies) DopeBoyMagic: everyone come now
(12:19 / Allies) mariomagno: please lumber
(12:30 / All) SwagMasterPimp: lol
(12:55 / Allies) DopeBoyMagic: gold pleae
(13:04 / Allies) DopeBoyMagic: fuck it im creeping
(13:37 / Allies) SwagMasterPimp: tp
(13:38 / Allies) SwagMasterPimp: now
(14:16 / All) SwagMasterPimp: great strat
(15:19 / Allies) SwagMasterPimp: come
(15:37 / Allies) DopeBoyMagic: i had to save this grunts
(16:17 / Allies) SwagMasterPimp: lets end it
(17:18 / Allies) SwagMasterPimp: repair dude
(17:19 / Allies) SwagMasterPimp: damn
(17:23 / Allies) DopeBoyMagic: LOLOL
(17:28 / Allies) DopeBoyMagic: I DONT NEED ANYTHING ELSE
(18:45 / Allies) DopeBoyMagic: GOLD?
(18:45 / Allies) SwagMasterPimp: wood
(18:49 / Allies) T_Swift_Style: I need wood too
(19:03 / Allies) DopeBoyMagic: GOLD FOR ME?
(19:29 / Allies) SwagMasterPimp: can you guys just repair
(19:31 / Allies) SwagMasterPimp: jesus christ
(20:21 / Allies) SwagMasterPimp: we are literally going to lose
(20:24 / Allies) SwagMasterPimp: if you guys dont hit
(21:00 / Allies) SwagMasterPimp: come meet
(21:44 / Allies) SwagMasterPimp: come plz
(21:51 / Allies) DopeBoyMagic: MEET MID
(21:58 / Allies) SwagMasterPimp: meeting here
(22:02 / Allies) T_Swift_Style: let's go yellow
(22:02 / Allies) SwagMasterPimp: hitting green
(22:28 / All) JAKElSAF4GG0T: Just give up noobs
(22:43 / Allies) SwagMasterPimp: go hit
(22:59 / Allies) SwagMasterPimp: need wood
(22:59 / Allies) T_Swift_Style: yellow lets hit green base
(23:03 / Allies) mariomagno: lumber please
(23:28 / Allies) mariomagno: i change gold for lumber
(23:45 / Allies) SwagMasterPimp: teal come
(24:10 / Allies) SwagMasterPimp: kill expo dude
(24:19 / Allies) DopeBoyMagic: HE JUST SAID COME....
(24:32 / Allies) SwagMasterPimp: obviously kill the expo
(24:47 / Allies) DopeBoyMagic: 2 MANY TOWERS
(24:50 / Allies) SwagMasterPimp: hit green
(24:53 / Allies) T_Swift_Style: Let's get it
(24:55 / Allies) SwagMasterPimp: were fine
(24:57 / Allies) SwagMasterPimp: hit green
(25:00 / Allies) DopeBoyMagic: GO
(25:00 / Allies) SwagMasterPimp: come teal
(25:02 / Allies) DopeBoyMagic: RIJT BEHIND U
(25:26 / Allies) DopeBoyMagic: WHAT THE FUCK RD
(25:54 / Allies) SwagMasterPimp: red
(25:55 / Allies) SwagMasterPimp: use wyves
(25:57 / Allies) SwagMasterPimp: wtf
(26:04 / Allies) SwagMasterPimp: red nerd raging
(26:16 / All) JAKElSAF4GG0T: Just leave noobs
(26:18 / All) JAKElSAF4GG0T: I own you 1v4
(27:23 / Allies) SwagMasterPimp: red just go do something else
(27:31 / Allies) SwagMasterPimp: alone on a fridya night tking in wc3
(27:41 / Allies) T_Swift_Style: as opposed to
(27:45 / Allies) T_Swift_Style: playing for record LOL
(27:55 / Allies) SwagMasterPimp: immaculate life
(27:55 / All) JAKElSAF4GG0T: raped
(28:33 / All) T_Swift_Style: yellow tried to play the loser card
(28:35 / All) T_Swift_Style: for tking
(28:38 / All) T_Swift_Style: when he's playing for rec
(28:39 / All) T_Swift_Style: LOL
(29:27 / All) DopeBoyMagic: yeah so that just happened
(29:31 / All) JAKElSAF4GG0T: out noob
(29:33 / All) T_Swift_Style: lol
(29:33 / All) JAKElSAF4GG0T: lawl
(29:37 / All) T_Swift_Style: my team lose